 Dungeon Crawl Stone Soup version 0.31.0 (webtiles) character file.

Game seed: 10796755098520881690

1888 Destapler the Ruffian (level 8, 83/83 HPs)
             Began as a Troll Shapeshifter on Jan 19, 2024.
             Got out of the dungeon alive.
             The game lasted 00:08:04 (5713 turns).

Destapler the Ruffian (Troll Shapeshifter)          Turns: 5713, Time: 00:08:05

Health: 83/83      AC:  4    Str: 23    XL:     8   Next: 92%
Magic:  7/7        EV: 10    Int:  6    God:
Gold:   380        SH:  0    Dex: 11    Spells: 7/7 levels left

rFire   . .          .
                       - Unarmed
rCold   . . .        (no shield)
rNeg    . . .        a - +0 animal skin
rPois   .            (helmet currently unavailable)
rElec   .            (cloak currently unavailable)
rCorr   .            (gloves unavailable)
SInv    .            (boots unavailable)
Will    .....        (no amulet)
Stlth   +            (no ring)
HPRegen 1.13/turn    (no ring)
MPRegen 0.10/turn

%: no passive effects
@: beast-form
A: beast (slay +3), large, unfitting armour, claws 3, regeneration 1, shaggy fur
1, tough skin 1
a: Begin Untransformation


You escaped.
You were a hulking beast.
You visited 1 branch of the dungeon, and saw 7 of its levels.

You collected 380 gold pieces.

Inventory:

Missiles
 k - 5 poisoned darts (quivered)
Armour
 a - a +0 animal skin (worn)
 j - an orb of light
Talismans
 c - a beast talisman
 d - a flux talisman
Wands
 p - a wand of charming (35)
 t - a wand of flame (6)
 v - a wand of mindburst (5)
 y - a wand of iceblast (3)
Scrolls
 f - 3 scrolls of immolation
 l - 3 scrolls of teleportation
 r - a scroll of silence
 w - 3 scrolls of poison {unknown}
 x - a scroll of noise {unknown}
Potions
 b - a potion of lignification
 e - a potion of cancellation
 g - a potion of curing {unknown}
 h - a potion of enlightenment {unknown}
 i - 3 potions of attraction
 n - 2 potions of degeneration
 o - a potion of heal wounds {unknown}
 q - a potion of magic
 s - a potion of might {unknown}
 u - 3 potions of brilliance {unknown}
 z - a potion of haste {unknown}


   Skills:
 - Level 6.0 Fighting
 - Level 4.0 Dodging
 + Level 6.3 Unarmed Combat
 + Level 5.9 Shapeshifting


You had 7 spell levels left.
You didn't know any spells.
Your spell library contained the following spells:

 Spells                   Type           Power      Damage    Failure   Level
 Freeze                   Ice            0%         1d3       45%         1
 Ensorcelled Hibernation  Hex/Ice        0%         N/A       58%         2
 Dazzling Flash           Conj/Hex       0%         N/A       83%         3
 Frozen Ramparts          Ice            0%         1d1       83%         3
 Fugue of the Fallen      Necr           0%         N/A       83%         3
 Hailstorm                Conj/Ice       0%         3d5       83%         3
 Inner Flame              Hex/Fire       0%         N/A       83%         3
 Mephitic Cloud           Conj/Alch/Air  0%         N/A       83%         3
 Anguish                  Hex/Necr       0%         N/A       99%         4
 Curse of Agony           Necr           0%         N/A       100%        5
 Irradiate                Conj/Alch      0%         3d11      100%        5
 Silence                  Hex/Air        0%         N/A       100%        5
 Malign Gateway           Summ/Tloc      0%         N/A       100%        7
 Ignition                 Fire           0%         3d3       100%        8
 Summon Horrible Things   Summ           0%         N/A       100%        8


Dungeon Overview and Level Annotations

Branches:
Dungeon (7/15)             Temple (0/1) D:7

Altars:
Ru
Trog
Uskayaw


Innate Abilities, Weirdness & Mutations

You are a hulking beast.
Your limbs bulge with bestial killing power. (Slay +3)
You are too large for most types of armour.
You have claws for hands.
Your natural rate of healing is unusually fast.
You are covered in fur. (AC +1)
You have tough skin. (AC +1)


Message History

You kill the sky beast!
Things that are here:
a +2 dagger of freezing; a +0 robe HP restored.
You hear the steady creaking of a distant portcullis.
You see here a sky beast corpse.
Found a stone staircase leading down.
Found a club.
You hear the quick creaking of a very distant portcullis.
What level of the Dungeon? (default 7, ? - help)
You see here 6 stones.
There is a stone staircase leading up here.
You climb upwards.
There is a stone staircase leading down here.
There is a stone staircase leading up here.
You climb upwards.
There is a stone staircase leading down here.
You see here a +0 halberd.
You see here a +0 club.
There is a stone staircase leading up here.
You climb upwards.
There is a stone staircase leading down here.
There is an open door here.
There is an open door here.
There is a stone staircase leading up here.
You climb upwards.
There is a stone staircase leading down here.
You see here a +0 robe.
There is a stone staircase leading up here.
You climb upwards.
There is a stone staircase leading down here.
Things that are here:
a +0 short sword; a +0 dagger
There is a stone staircase leading up here.
You climb upwards.
There is a stone staircase leading down here.
There is a large open door here.
There is a staircase leading out of the dungeon here.
Alright, then stay!
You have escaped!

#.# #...........§§~§≈≈#
#.# #.........∩..§§§≈≈#
#.# #...........§§§§≈≈#
#.# #.⌠.........∩.§~≈≈#
#.###............§§§≈≈#
#.##............♣§.~~≈#
#.##..........♣....~~≈#
#..'...............§~≈#
#..'............h..~~≈#
#.##..............§§§≈#
#.##..........♣....§~≈#
#.###..............~§≈#
#.# #.⌠...........~~§≈#
#.# #..........∩.§§§~≈#
..# #............§§§§≈#
### #............~§§≈≈#
######........∩.§~§~≈≈#


There were no monsters in sight!

Vanquished Creatures
  Eustachio (D:6)
  2 water moccasins
  3 sky beasts (D:7)
  5 ice beasts
  An ogre (D:5)
  2 scorpions (D:6)
  A howler monkey (D:7)
  2 jellies
  3 hounds
  A sleepcap (D:7)
  An iguana (D:2)
  An orc wizard (D:7)
  10 gnolls
  2 river rats (D:5)
  13 adders
  3 white imps
  2 ufetubi (D:6)
  A dart slug (D:1)
  3 ribbon worms
  13 orcs
  6 ball pythons
  6 bats
  5 endoplasms
  A giant cockroach (D:2)
  7 goblins
  6 hobgoblins
  2 jackals (D:1)
  4 quokkas
  2 frilled lizards
  5 kobolds
  A rat (D:2)
115 creatures vanquished.

Notes
Turn   | Place    | Note
-------+----------+-------------------------------------------
     0 | D:1      | Destapler the Troll Shapeshifter began the quest for the
                  | Orb.
     0 | D:1      | Reached XP level 1. HP: 18/18 MP: 0/0
    75 | D:1      | Reached skill level 1 in Fighting
   267 | D:1      | Reached XP level 2. HP: 27/27 MP: 1/1
   995 | D:2      | Reached XP level 3. HP: 23/33 MP: 2/2
  1126 | D:2      | Identified the +9 plate armour of Pride {+Inv Str+4}
  1388 | D:2      | Reached XP level 4. HP: 32/42 MP: 3/3
  1769 | D:3      | Reached XP level 5. HP: 39/50 MP: 4/4
  2415 | D:4      | Found a sacrificial altar of Ru.
  3060 | D:5      | Entered Level 5 of the Dungeon
  3077 | D:5      | Found a hide-covered altar of Uskayaw.
  3100 | D:5      | Reached XP level 6. HP: 40/61 MP: 5/5
  3240 | D:5      | Noticed an ice beast
  3247 | D:5      | Killed an ice beast
  3280 | D:5      | Found a bloodstained altar of Trog.
  3281 | D:5      | Noticed an ice beast
  3288 | D:5      | Killed an ice beast
  3289 | D:5      | Reached XP level 7. HP: 58/68 MP: 6/6
  4331 | D:6      | Reached skill level 5 in Unarmed Combat
  4424 | D:6      | Reached XP level 8. HP: 52/79 MP: 7/7
  4672 | D:6      | Noticed Eustachio
  4681 | D:6      | Killed Eustachio
  4682 | D:6      | Reached skill level 5 in Fighting
  4836 | D:6      | Reached skill level 5 in Shapeshifting
  5300 | D:7      | Found a staircase to the Ecumenical Temple.
  5713 | D:$      | Got out of the dungeon alive.

Illustrated notes

Levels and vault maps discovered:
D:1:      tekkud_arrival_beachfront_property, layout_basic
D:2:      layout_basic, minivault_26
D:3:      layout_loops_ring
D:4:      layout_basic, mainiacjoe_overflow_cross_hatched
D:5:      layout_cave_pods, nicolae_uskayaw_murder_on_the_dancefloor,
          trog_three_pillars_becter, lightli_sewer_entry_pipes,
          chequers_hall_statues_corner_a
D:6:      layout_basic, uniq_eustachio
D:7:      layout_loops_ring, kennysheep_mini, minmay_temple_entry_glassed_door,
          enter_bailey_5, minmay_between

Skill      XL: |  1  2  3  4  5  6  7  8 |
---------------+-------------------------+-----
Fighting       | 1 2 3 4 6 |  6.0
Dodging        | 2 3 4 |  4.0
Unarmed Combat | 4 5 6 |  6.3
Shapeshifting  | 4 5 |  5.9

Action                     |  1- 3 |  4- 6 |  7- 9 || total
---------------------------+-------+-------+-------++-------
  Melee: Unarmed           |   103 |    84 |   183 ||   370
         Punch             |     5 |     4 |     5 ||    14
    Use: Scroll            |       |     8 |     1 ||     9
         Potion            |       |       |     1 ||     1
   Stab: Sleeping          |       |     2 |     1 ||     3
         Invisible         |       |       |     4 ||     4
 Armour: Animal skin       |    69 |    59 |   140 ||   268
  Dodge: Dodged            |    56 |    40 |   120 ||   216
